 Dungeon Crawl Stone Soup version 0.28-a0-1152-g9c71ebef14 (webtiles) character file.

Game seed: 5769624225345080740

73 ducksouse the Conjurer (level 4, -3/26 (27) HPs)
             Began as an Octopode Conjurer on Dec 14, 2021.
             Killed from afar by an orc wizard (6 damage)
             ... with a magic dart
             ... on level 3 of the Dungeon.
             The game lasted 00:09:58 (1849 turns).

ducksouse the Conjurer (Octopode Conjurer)          Turns: 1849, Time: 00:09:59

HP:   -3/26 (27)    AC:  1    Str:  6    XL:     4   Next: 27%
MP:   7/7           EV: 13    Int: 22    God:
Gold: 103           SH:  0    Dex: 10    Spells: 2/8 levels left

rFire   . . .      SeeInvis .   b - +1 whip (freeze)
rCold   + . .      Faith    .   (no shield)
rNeg    . . .      Spirit   .   g - +0 hat {Stlth+}
rPois   +          Reflect  .   (no amulet)
rElec   .          Harm     .   h - ring of protection from cold
rCorr   .          Rampage  .   l - ring of poison resistance
Will    .....                   (no ring)
Stlth   +++.......              (no ring)
HPRegen 0.08/turn               (no ring)
MPRegen 0.10/turn               (no ring)
                                (no ring)
                                (no ring)

@: confused, lightly drained
A: almost no armour, amphibious, 8 rings, camouflage 1, gelatinous body 1,
(nimble swimmer 1), tentacles
a: no special abilities


You were on level 3 of the Dungeon.
You visited 1 branch of the dungeon, and saw 4 of its levels.

You collected 103 gold pieces.

Inventory:

Hand Weapons
 a - a +0 mace
 b - a +1 whip of freezing (weapon)
Armour
 f - a +0 hat
 g - a +0 hat of stealth (worn)
Jewellery
 h - a ring of protection from cold (left tentacle)
 l - a ring of poison resistance (right tentacle)
Scrolls
 d - a scroll of blinking {unknown}
 e - a scroll of identify {unknown}
 i - a scroll of magic mapping {unknown}
Potions
 c - a potion of might {unknown}
 j - a potion of heal wounds {unknown}
 k - a potion of cancellation {unknown}


   Skills:
 + Level 0.4 Fighting
 + Level 2.2 Dodging
 + Level 3.0 Stealth
 + Level 2.5 Spellcasting
 + Level 5.0 Conjurations


You had 2 spell levels left.
You knew the following spells:

 Your Spells              Type           Power      Damage    Failure   Level
a - Magic Dart            Conj           100%       1d8       1%          1
b - Searing Ray           Conj           50%        2d6       2%          2
c - Dazzling Flash        Conj/Hex       26%        N/A       14%         3

Your spell library contained the following spells:

 Spells                   Type           Power      Damage    Failure   Level
 Fulminant Prism          Conj/Hex       6%         3d7       41%         4
 Iskenderun's Mystic Bla  Conj/Tloc      13%        2d5       41%         4
 Leda's Liquefaction      Hex/Erth       1%         N/A       78%         4
 Summon Lightning Spire   Summ/Air       2%         N/A       78%         4
 Alistair's Intoxication  Tmut/Pois      1%         N/A       98%         5
 Lee's Rapid Deconstruct  Erth           1%         3d5*      98%         5
 Summon Mana Viper        Hex/Summ       2%         N/A       98%         5
 Statue Form              Tmut/Erth      1%         N/A       100%        6


Dungeon Overview and Level Annotations

Branches:
Dungeon (4/15)
 Temple: D:4-7

Altars:

Shops:
D:1 (*

Annotations:
D:3 1 transporter, spaghetti's ghost, weakling OpDe


Innate Abilities, Weirdness & Mutations

You cannot wear most types of armour.
You are amphibious.
You can wear up to eight rings at the same time.
Your skin changes colour to match your surroundings (Stealth+).
Your rubbery body absorbs attacks. (AC +1, EV +1)
((You are camouflaged near water. (Stealth+)))
You have tentacles for arms and can constrict up to eight enemies at once.


Message History

You bump into the rock wall.
The orc wizard casts a spell at you.
You are more confused.
The orc shouts!
You bump into the rock wall.
The orc wizard shouts!
You're too confused to cast spells.
You're too confused to cast spells.
You're too confused to cast spells.
The orc wizard mumbles some strange words.
The orc wizard flickers and vanishes!
Deactivating autopickup; reactivate with Ctrl-A.
The orc wizard points at you and mumbles some strange words.
You are more confused.
You bump into the rock wall.
The orc wizard casts a spell at you. The magic dart hits you.
The orc wizard completely misses you.
You closely miss the orc wizard.
The orc wizard is heavily wounded.
The orc wizard gestures at you while chanting.
The puff of flame hits you!
You hear some strange, mumbled words.
A puff of flame appears from out of thin air!
The puff of flame misses you.
You are too confused!
Unknown command.
You bump into the stone wall.
The orc wizard hits you with a +1 dagger of draining.
* * * LOW HITPOINT WARNING * * *
You feel drained.
* * * LOW HITPOINT WARNING * * *
Something hits you.
* * * LOW HITPOINT WARNING * * *
You are too confused!
You bump into the stone wall.
The orc wizard closely misses you.
You're too confused to move!
The orc wizard casts a spell at you. The magic dart hits you.
You die...

### #..#.##...#.........
.... #...###.>......)...
#....##.##..............
#..©#.##.#.....)......
#..##.........#....###
...# #©.......#...##....
#.. ##.....#.#...###.#.
=.© #....##.#....# ..#
.#.. #@.####.#.##......
...# ##o## #.#.# #### #
#..5#o.# #...#
#.#.W5#.>#####..
....55#......#
#...###..###....
.#####....####...
........†........
....###...####...


You could see an orc wizard and an orc.

Vanquished Creatures
  A hound skeleton (D:4)
  A gnoll (D:4)
  An adder (D:2)
  2 orcs
  3 endoplasms
  3 giant cockroaches
  4 goblins
  2 hobgoblins
  2 quokkas
  4 ball pythons
  4 bats
  2 frilled lizards (D:1)
  7 kobolds
  A rat (D:2)
37 creatures vanquished.

Vanquished Creatures (others)
  A plant (D:1)
1 creature vanquished.

Grand Total: 38 creatures vanquished

Notes
Turn   | Place    | Note
-------+----------+-------------------------------------------
     0 | D:1      | ducksouse the Octopode Conjurer began the quest for the
                  | Orb.
     0 | D:1      | Reached XP level 1. HP: 11/11 MP: 3/3
    57 | D:1      | Found Pozues's Antique Weapon Boutique.
   127 | D:1      | Reached XP level 2. HP: 5/17 MP: 3/5
   367 | D:1      | Got the Incunabulum of the Shifting Escort
   385 | D:1      | Learned a level 2 spell: Searing Ray
   513 | D:1      | Found Funih's Assorted Antiques.
   774 | D:1      | Found a faded altar of an unknown god.
  1088 | D:2      | Reached XP level 3. HP: 21/21 MP: 0/6
  1313 | D:2      | You fall into a shaft and drop 2 floors!
  1368 | D:4      | Learned a level 3 spell: Dazzling Flash
  1402 | D:4      | Reached XP level 4. HP: 10/27 MP: 0/7
  1677 | D:3      | Noticed spaghetti's ghost (weakling OpDe)
  1684 | D:3      | Reached skill level 5 in Conjurations
  1810 | D:3      | Found a transporter.
  1849 | D:3      | Killed from afar by an orc wizard

Illustrated notes

Levels and vault maps discovered:
D:1:      roderic_chinese_lattice_arrival, layout_rooms,
          shapermc_ecumenical_altar_flowoftime, serial_shops,
          nicolae_shop_overgrown_old_shop, shop
D:2:      layout_basic, basic_altar, chequers_serial_rivers_micro_b
D:3:      layout_rooms, gammafunk_ghost_stat_death
D:4:      layout_loops_ring, minmay_temple_entry_mist, kennysheep_nondescript,
          nzn_random_ring

Skill      XL: |  1  2  3  4 |
---------------+-------------+-----
Stealth        | 3 |  3.0
Conjurations   | 5 |  5.0
Fighting       | |  0.4
Dodging        | |  2.2
Spellcasting   | |  2.5

Action                   |  1- 3 |  4- 6 || total
-------------------------+-------+-------++-------
Melee: Whip              |    22 |     3 ||    25
       Constrict         |     7 |     1 ||     8
       Mace              |     3 |       ||     3
       Tentacles         |     4 |       ||     4
 Cast: Magic Dart        |    35 |    14 ||    49
       Searing Ray       |     4 |     1 ||     5
Armor: Skin              |     9 |       ||     9
Dodge: Dodged            |    31 |     5 ||    36

Table legend: (Time is in decaauts)
 A = Elapsed time spent in this place.
 B = Non-inter-level travel time spent in this place.
 C = Inter-level travel time spent in this place.
 D = Time resting spent in this place.
 E = Time spent auto-exploring this place.
 F = Levels seen in this place.
 G = Mean time per level.
                   A        B        C        D        E       F      G
               +--------+--------+--------+--------+--------+-----+--------+
         Total |   1852 |   1720 |    132 |    569 |    328 |   4 |  463.0 |
       Dungeon |   1852 |   1720 |    132 |    569 |    328 |   4 |  463.0 |
               +--------+--------+--------+--------+--------+-----+--------+

Top non-repeatable levels by time:
     D:1: 1249 daAuts
     D:4: 421 daAuts
     D:3: 115 daAuts
     D:2: 66 daAuts
